 Dungeon Crawl Stone Soup version 0.30-a0-743-gbfdf073431 (webtiles) character file.

Game seed: 17783517697026575245

3182 browni3141 the Magician (level 9, -1/68 HPs)
             Began as a Mummy Cinder Acolyte on Feb 8, 2023.
             Was a High Priest of Ignis.
             Slain by a two-headed ogre
             ... wielding a +0 giant spiked club
              (24 damage)
             ... on level 8 of the Dungeon.
             The game lasted 00:21:21 (9072 turns).

browni3141 the Magician (Mummy Cinder Acolyte)      Turns: 9072, Time: 00:21:22

Health: -1/68      AC: 12    Str: 21    XL:     9   Next: 64%
Magic:  5/19       EV:  9    Int: 25    God:    Ignis [*****.]
Gold:   1343       SH:  5    Dex: 10    Spells: 4/22 levels left

rFire   . . .      SeeInvis .    a - +2 hand axe (flame)
rCold   + + .      Faith    +    (no shield)
rNeg    + + +      Spirit   .    g - +1 scale mail {rC+}
rPois   ∞          Reflect  +    (no helmet)
rElec   .          Harm     .    (no cloak)
rCorr   +          Rampage  .    G - +1 pair of gloves "Reuph" {Int+2}
Will    +....                    F - +1 pair of boots Stlth
                                 m - amulet of reflection
HPRegen 0.31/turn                A - +6 ring of intelligence
MPRegen 0.16/turn                i - ring of Noibann {rCorr Str+4 Dex+2}

@: very slightly contaminated
A: cold resistance 1, negative energy resistance 3, torment resistance 2, heat
vulnerability 1, in touch with death 1, no potions, faith
a: Renounce Religion, Fiery Armour, Foxfire Swarm, Rising Flame


You were on level 8 of the Dungeon.
You worshipped Ignis.
Ignis was extremely pleased with you.
You visited 1 branch of the dungeon, and saw 8 of its levels.
You also visited: Ossuary.

You collected 1343 gold pieces.

Inventory:

Hand Weapons
 a - a +2 hand axe of flaming (weapon)
 o - a -1 hand axe of flaming
Missiles
 e - 101 stones
 q - 6 javelins
Armour
 g - a +1 scale mail of cold resistance (worn)
 r - the +7 plate armour of the Constellations {rC+}
   (You found it on level 3 of the Dungeon)

   rC:        It protects you from cold.
 v - a +0 ring mail
 x - a +2 pair of gloves
 z - a +0 robe
 D - a +0 pair of boots
 F - a +1 pair of boots (worn)
 G - the +1 pair of gloves "Reuph" (worn) {Int+2}
   (You acquired it on level 7 of the Dungeon)

   Int:       It affects your intelligence (+2).
Magical Staves
 b - a staff of fire
Jewellery
 i - the ring of Noibann (right hand) {rCorr Str+4 Dex+2}
   (You acquired it on level 7 of the Dungeon)

   [ring of resist corrosion]

   Str:       It affects your strength (+4).
   Dex:       It affects your dexterity (+2).
   rCorr:     It protects you from acid and corrosion.
 l - a +5 ring of evasion
 m - an amulet of reflection (around neck)
 p - a +6 ring of intelligence
 A - a +6 ring of intelligence (left hand)
 B - a +6 ring of dexterity
Wands
 C - a wand of charming (8)
Scrolls
 c - 8 scrolls of teleportation
 d - 2 scrolls of poison
 f - 3 scrolls of fog
 h - 4 scrolls of enchant weapon
 j - 2 scrolls of enchant armour
 k - 2 scrolls of summoning
 n - 2 scrolls of noise
 s - a scroll of brand weapon
 t - a scroll of magic mapping
 u - 2 scrolls of blinking {unknown}
 w - a scroll of immolation {unknown}
 E - a scroll of identify
Miscellaneous
 y - a phantom mirror (inert)


   Skills:
 * Level 5.4 Fighting
 * Level 5.3 Axes
 - Level 2.0 Throwing
 * Level 4.3 Armour
 * Level 7.0 Spellcasting
 * Level 2.7 Conjurations
 - Level 6.0 Necromancy
 * Level 3.5 Fire Magic


You had 4 spell levels left.
You knew the following spells:

 Your Spells              Type           Power      Damage    Failure   Level
a - Kiss of Death         Conj/Necr      100%       2d13      3%          1
b - Scorch                Fire           52%        2d7       6%          2
c - Dispel Undead         Necr           55%        3d20      14%         4
d - Fireball              Conj/Fire      12%        3d7       78%         5
e - Starburst             Conj/Fire      12%        6d5       100%        6

Your spell library contained the following spells:

 Spells                   Type           Power      Damage    Failure   Level
 Necrotise                Necr           100%       1d9       1%          1
 Foxfire                  Conj/Fire      96%        2x1d8     4%          1
 Momentum Strike          Conj/Tloc      30%        3d8       16%         2
 Apportation              Tloc           16%        N/A       17%         1
 Confusing Touch          Hex            8%         N/A       45%         3
 Disjunction              Tloc           4%         N/A       100%        8


Dungeon Overview and Level Annotations

Branches:
Dungeon (8/15)             Temple (0/1) D:7         Ossuary (visited)
   Lair: D:8-11

Altars:
Kikubaaqudgha
Sif Muna
Vehumet
Yredelemnul


Innate Abilities, Weirdness & Mutations

You are immune to poison.
Your flesh is cold resistant. (rC+)
You are immune to negative energy. (rN+++)
You are immune to unholy pain and torment.
You are vulnerable to heat. (rF-)
You are in touch with the powers of death.
You do not drink.
You have a special connection with the divine. (Faith)


Message History

The centaur is severely wounded.
The centaur unwields a +0 shortbow.
You block the centaur's attack.
The centaur kicks you but does no damage.
Flames lash the centaur.
The centaur is burned terribly!
You kill the centaur!
A jelly comes into view.
There is an open door here.
The jelly quivers.
Flames lash the jelly.
The jelly is heavily wounded.
The jelly's fire resistance burns away.
Flames lash the jelly.
The jelly is burned terribly!
You kill the jelly!
Your Spellcasting skill increases to level 7!
A two-headed ogre is nearby!
Flames lash the two-headed ogre.
The two-headed ogre is lightly wounded.
The two-headed ogre's fire resistance burns away.
Aiming: Phantom Mirror
Press: ? - help, Dir - move target, f - two-headed ogre
Aim: a two-headed ogre, wielding two +0 giant spiked clubs (lightly wounded, more vulnerable to fire)
You reflect the two-headed ogre with the mirror!
The mirror clouds!
You miscast Scorch.
You are very lightly contaminated with residual magic.
Nothing appears to happen.
The two-headed ogre hits you with a +0 giant spiked club!! x2
Your two-headed ogre hits the two-headed ogre with a +0 giant spiked club!
Your two-headed ogre barely misses the two-headed ogre.
Your two-headed ogre barely misses the two-headed ogre.
Your two-headed ogre hits the two-headed ogre with a +0 giant spiked club!
You are too injured to fight recklessly!
Unknown command.
Casting: Scorch (safe; 6% risk of failure)
Press: ? - help, Q - select action, (/) - cycle Dir - look around, f - activate Flames lash the two-headed ogre.
The two-headed ogre is burned terribly!
The two-headed ogre is almost dead.
The two-headed ogre closely misses you.
The two-headed ogre hits you with a +0 giant spiked club!!
You die...

#......... #.........
#......... #.........
######.†....... #>.............
########
#..####†################......#
#.....#.#####.................#
#...)...O'O@...............'
##.#.#####.................#
#.#.# ####..............# #.#.#
#......##......# #.#.#
#......##......# #.#.#
#......######### #.#.# #......#
#c#.# ######## O.#.#


You could see a two-headed ogre (combustible, ally target) and a friendly
two-headed ogre (summoned, combustible, drained).

Vanquished Creatures
  2 steam dragons (D:8)
  A water moccasin (D:5)
  An orc warrior (D:6)
  An ice beast (D:7)
  2 centaurs
  3 ogres
  Blork the orc (D:4)
  2 bullfrogs
  4 scorpions
  5 water moccasin zombies (Ossuary)
  5 killer bees (D:8)
  5 hounds
  3 jellies
  A gnoll bouda (D:7)
  8 orc priests
  13 iguanas
  Terence (D:2)
  4 orc wizards
  2 mummies (Ossuary)
  9 adders
  3 gnolls
  A shadow imp (D:6)
  A white imp (D:5)
  2 ufetubi
  7 adder zombies (Ossuary)
  A worm (D:2)
  17 orcs
  8 bats
  6 endoplasms
  4 giant cockroaches
  4 gnoll zombies (Ossuary)
  8 goblins
  4 hobgoblins
  5 jackals (D:2)
  11 kobolds
  10 quokkas
  5 ball pythons
  2 frilled lizards
  5 hobgoblin zombies (Ossuary)
  3 kobold zombies (Ossuary)
  4 orc zombies (Ossuary)
  5 rats
  A spectral orc (D:3)
190 creatures vanquished.

Vanquished Creatures (others)
  4 plants (D:1)
4 creatures vanquished.

Grand Total: 194 creatures vanquished

Notes
Turn   | Place    | Note
-------+----------+-------------------------------------------
     0 | D:1      | browni3141 the Mummy Cinder Acolyte began the quest for the
                  | Orb.
     0 | D:1      | Reached XP level 1. HP: 18/18 MP: 2/2
   256 | D:1      | Reached XP level 2. HP: 18/24 MP: 4/4
   490 | D:1      | Learned a level 1 spell: Kiss of Death
   492 | D:1      | Reached skill level 1 in Throwing
  1029 | D:2      | Gained mutation: You are in touch with the powers of death.
                  | [Mummy growth]
  1029 | D:2      | Reached XP level 3. HP: 29/29 MP: 5/5
  1032 | D:2      | Learned a level 2 spell: Scorch
  1223 | D:2      | Noticed Terence
  1242 | D:2      | Killed Terence
  1243 | D:2      | Reached skill level 1 in Necromancy
  1334 | D:2      | Reached XP level 4. HP: 35/35 MP: 6/6
  1456 | D:2      | Reached skill level 1 in Conjurations
  2218 | D:3      | Reached XP level 5. HP: 28/33 MP: 7/7
  2294 | D:3      | Identified the +7 plate armour of the Constellations {rC+}
  2608 | D:3      | Reached skill level 1 in Armour
  3096 | D:3      | Found a basalt altar of Yredelemnul.
  3473 | D:4      | Reached XP level 6. HP: 38/43 MP: 8/8
  3645 | D:4      | Found a sand-covered staircase.
  3734 | Ossuary  | Entered an ossuary
  3741 | Ossuary  | Reached skill level 2 in Spellcasting
  3838 | Ossuary  | Reached XP level 7. HP: 28/52 MP: 9/11
  3947 | Ossuary  | Reached skill level 3 in Spellcasting
  4174 | D:4      | Noticed Blork the orc
  4279 | D:4      | Killed Blork the orc
  5030 | D:5      | Entered Level 5 of the Dungeon
  5041 | D:5      | Learned a level 4 spell: Dispel Undead
  5119 | D:5      | Reached XP level 8. HP: 55/58 MP: 1/12
  5852 | D:5      | Reached skill level 5 in Axes
  5897 | D:5      | Reached skill level 5 in Necromancy
  6046 | D:5      | Reached skill level 5 in Fighting
  6576 | D:5      | Identified a scroll of acquirement
  6615 | D:6      | Reached skill level 4 in Spellcasting
  6615 | D:6      | Reached XP level 9. HP: 46/68 MP: 0/15
  6812 | D:6      | Reached skill level 5 in Spellcasting
  7489 | D:6      | Found an ancient bone altar of Kikubaaqudgha.
  7495 | D:6      | Found a shimmering blue altar of Sif Muna.
  7496 | D:6      | Found a radiant altar of Vehumet.
  7499 | D:6      | Got Kikubaaqudgha's Handbook of the Damned
  7666 | D:7      | Reached skill level 6 in Spellcasting
  8067 | D:7      | Acquired 966 gold pieces
  8069 | D:7      | Acquired browni3141's Book of Luminous Superposition
  8077 | D:7      | Learned a level 5 spell: Fireball
  8084 | D:7      | Learned a level 6 spell: Starburst
  8097 | D:7      | Found a staircase to the Ecumenical Temple.
  8589 | D:7      | Acquired the +1 pair of gloves "Reuph" {Int+2}
  8601 | D:7      | Acquired the ring of Noibann {rCorr Str+4 Dex+2}
  9042 | D:8      | Noticed a two-headed ogre
  9063 | D:8      | Reached skill level 7 in Spellcasting
  9072 | D:8      | Slain by a two-headed ogre

Illustrated notes

Levels and vault maps discovered:
D:1:      lightli_arrival_statuegarden, layout_basic, serial_rivers,
          chequers_serial_rivers_room_b, chequers_serial_rivers_micro_c,
          chequers_serial_rivers_room_b, chequers_serial_rivers_small_b,
          chequers_serial_rivers_micro_a, chequers_serial_rivers_micro_c,
          minmay_split_cup_large
D:2:      layout_basic, serial_glass, glass_columns_b, glass_columns_b,
          uniq_terence
D:3:      layout_basic, yredelemnul_forgotten_temple_becter
D:4:      layout_basic, nicolae_ossuary_entry_monument, uniq_blork_the_orc
D:5:      layout_loops_ring, minmay_bent
D:6:      layout_loops_ring, grunt_temple_overflow_magic_moments,
          minmay_crystal_water
D:7:      layout_basic, temple_doors_ab
D:8:      layout_basic, minmay_misc_feat_nine_boxes

Skill      XL: |  1  2  3  4  5  6  7  8  9 |
---------------+----------------------------+-----
Throwing       | 1 2 |  2.0
Necromancy     | 1 2 3 4 6 |  6.0
Conjurations   | 1 2 |  2.7
Fire Magic     | 3 |  3.5
Armour         | 1 2 3 4 |  4.3
Axes           | 3 4 5 |  5.3
Spellcasting   | 2 3 4 7 |  7.0
Fighting       | 5 |  5.4

Action                     |  1- 3 |  4- 6 |  7- 9 || total
---------------------------+-------+-------+-------++-------
  Melee: Hand axe          |   115 |   166 |   170 ||   451
         Punch             |       |       |     2 ||     2
         Staff             |       |       |    16 ||    16
  Throw: Stone             |     2 |     5 |     3 ||    10
   Cast: Scorch            |     2 |    13 |   137 ||   152
         Kiss of Death     |       |     3 |       ||     3
 Invoke: Fiery Armour      |     1 |       |       ||     1
  Evoke: Phantom mirror    |       |       |     2 ||     2
    Use: Scroll            |       |     4 |    11 ||    15
   Stab: Sleeping          |       |       |     1 ||     1
 Armour: Robe              |    15 |    15 |    26 ||    56
         Ring mail         |       |    28 |    28 ||    56
         Scale mail        |       |       |    39 ||    39
  Dodge: Dodged            |    89 |   138 |   153 ||   380
  Block: Other             |       |    42 |    71 ||   113
         Reflection        |       |       |     3 ||     3

Table legend: (Time is in decaauts)
 A = Elapsed time spent in this place.
 B = Non-inter-level travel time spent in this place.
 C = Inter-level travel time spent in this place.
 D = Time resting spent in this place.
 E = Time spent auto-exploring this place.
 F = Levels seen in this place.
 G = Mean time per level.
                   A        B        C        D        E       F      G
               +--------+--------+--------+--------+--------+-----+--------+
         Total |   9134 |   8537 |    597 |    421 |   6372 |   9 | 1014.9 |
       Dungeon |   8718 |   8121 |    597 |    421 |   6110 |   8 | 1089.8 |
       Ossuary |    416 |    416 |      0 |      0 |    262 |   1 |  416.0 |
               +--------+--------+--------+--------+--------+-----+--------+

Top non-repeatable levels by time:
     D:5: 1579 daAuts
     D:3: 1401 daAuts
     D:4: 1274 daAuts
     D:2: 1152 daAuts
     D:6: 1083 daAuts
     D:1: 924 daAuts
     D:7: 886 daAuts
     D:8: 417 daAuts
 Ossuary: 416 daAuts
